 Dungeon Crawl Stone Soup version 0.29.0-4-gdea44cf6ec (webtiles) character file.

Game seed: 14593049717056443941

100 qw the Chopper (level 4, 0/26 HPs)
             Began as a Tengu Warper on Aug 29, 2022.
             Slain by an iguana (8 damage)
             ... on level 4 of the Dungeon.
             The game lasted 00:00:59 (3471 turns).

qw the Chopper (Tengu Warper)                       Turns: 3471, Time: 00:01:00

Health: 0/26       AC:  6    Str: 14    XL:     4   Next: 73%
Magic:  8/8        EV:  9    Int: 13    God:
Gold:   192        SH:  0    Dex: 13    Spells: 7/7 levels left

rFire   . . .      SeeInvis +   Y - +1 hand axe
rCold   . . .      Faith    .   (no shield)
rNeg    . . .      Spirit   .   f - +0 scale mail
rPois   .          Reflect  .   (helmet restricted)
rElec   .          Harm     .   (no cloak)
rCorr   .          Rampage  .   (no gloves)
Will    .....                   (boots unavailable)
Stlth   ..........              c - amulet of regeneration
HPRegen 0.88/turn               p - ring of see invisible
MPRegen 0.11/turn               (no ring)

@: no status effects
A: beak, talons 3
a: no special abilities


You were on level 4 of the Dungeon.
You visited 1 branch of the dungeon, and saw 4 of its levels.

You collected 192 gold pieces.


Innate Abilities, Weirdness & Mutations

You have a beak for a mouth.
You have claws for feet.


   Skills:
 - Level 2.0 Fighting
 + Level 5.2 Axes
 - Level 1.0 Throwing
 - Level 1.1 Armour
 - Level 2.1 Dodging
 - Level 2.0 Spellcasting
 - Level 2.4 Translocations


You had 7 spell levels left.
You didn't know any spells.
Your spell library contained the following spells:

 Spells                   Type           Power      Damage    Failure   Level
 Blink                    Tloc           14%        N/A       54%         2
 Gell's Gravitas          Tloc           7%         N/A       77%         3
 Lesser Beckoning         Tloc           7%         N/A       77%         3
 Teleport Other           Tloc           7%         N/A       77%         3
 Manifold Assault         Tloc           7%         N/A       100%        5

Inventory:

Hand Weapons
 j - a +0 whip
 Y - a +1 hand axe (weapon)
Armour
 f - a +0 scale mail (worn)
Jewellery
 c - an amulet of regeneration (around neck)
 p - a ring of see invisible (left hand)
Scrolls
 a - a scroll of amnesia {unknown}
 b - a scroll of identify
 h - 4 scrolls of teleportation
Potions
 d - a potion of curing {unknown}
 g - a potion of heal wounds {unknown}
 i - a potion of cancellation {unknown}
 k - a potion of degeneration {unknown}
 l - a potion of lignification {unknown}
 m - a potion of flight {unknown}

Dungeon Overview and Level Annotations

Branches:
Dungeon (4/15)
 Temple: D:4-7

Altars:
Gozag
Hepliaklqana
Wu Jian

Shops:
D:3 :

Annotations:
D:2 1 runed translucent door, Crazy Yiuf


Message History

There is a stone staircase leading down here.
You climb downwards.
The adder hisses angrily.
Found 7 stones.
There is a stone staircase leading up here.
An adder is nearby!
Existing waypoints: (1) D:2 (2) D:3 Assign waypoint to what number? (0-9, D - delete waypoint) Waypoint 1 re-assigned from D:2 to D:4.
Enter note: You hit the adder.
The adder is heavily wounded.
The adder closely misses you.
You barely miss the adder. Your kick misses the adder. You peck the adder.
The adder is severely wounded.
The adder bites you.
You slash the adder!
You kill the adder!
You start resting.
HP restored.
a - a scroll labelled NIMERI BERCHIU
Enter note: An iguana comes into view.
The iguana hisses angrily.
Enter note: You hit the iguana but do no damage.
Your kick misses the iguana. You peck the iguana, but do no damage.
The iguana bites you.
You hit the iguana.
The iguana is moderately wounded.
The iguana bites you.
You hit the iguana but do no damage. You claw the iguana!
You peck the iguana, but do no damage.
The iguana is severely wounded.
The iguana bites you!
You barely miss the iguana.
The iguana is severely wounded.
The iguana bites you!
You die...

######..#
##.......##
...........##
...######...##
. ##...## #.
###..## #...
##..####.....
##..#....#
##.@l# #...#
#.#..# ####..#
#.# ##


You could see an iguana.

Vanquished Creatures
  6 adders
  2 worms
  2 dart slugs
  An orc (D:3)
  5 endoplasms
  2 hobgoblins (D:3)
  A quokka (D:1)
  3 ball pythons
  2 bats
  3 frilled lizards
  4 goblins
  5 kobolds
  4 rats
40 creatures vanquished.

Notes
Turn   | Place    | Note
-------+----------+-------------------------------------------
     0 | D:1      | qw the Tengu Warper began the quest for the Orb.
     0 | D:1      | Reached XP level 1. HP: 12/12 MP: 4/4
     0 | D:1      | 0 ||| qw: Version: 0.1-a-89-g26bdef1
     0 | D:1      | 0 ||| qw: Game counter: 3576
     0 | D:1      | 0 ||| qw: Always use a shield: true
     0 | D:1      | 0 ||| qw: God list: Okawaru
     0 | D:1      | 0 ||| qw: Allow faded altars: false
     0 | D:1      | 0 ||| qw: Do Orc after D:15 true
     0 | D:1      | 0 ||| qw: Do second Lair branch before Depths: true
     0 | D:1      | 0 ||| qw: Lair rune preference: random
     0 | D:1      | 0 ||| qw: Plans: Normal
     0 | D:1      | 0 ||| PLANNING D:1-11
    62 | D:1      | HP: 2/12 [frilled lizard (3)]
   524 | D:1      | Reached XP level 2. HP: 17/17 MP: 6/6
   531 | D:1      | Reached skill level 3 in Axes
   676 | D:1      | 676 ||| Stepping ~*~*~tactically~*~*~ (stealth).
   974 | D:1      | Found a faded altar of an unknown god.
  1283 | D:1      | 1283 ||| Stepping ~*~*~tactically~*~*~ (stealth).
  1363 | D:1      | 1363 ||| UPGRADING to +0 ring mail.
  1373 | D:1      | 1373 ||| DROPPING +0 leather armour.
  1374 | D:1      | 1374 ||| DROPPING scroll of blinking.
  1614 | D:2      | Reached XP level 3. HP: 14/21 MP: 7/7
  1766 | D:2      | Reached skill level 4 in Axes
  2028 | D:2      | Found a runed translucent door.
  2029 | D:2      | Noticed Crazy Yiuf
  2097 | D:2      | Reached XP level 4. HP: 25/26 MP: 8/8
  2171 | D:2      | 2171 ||| UPGRADING to amulet of regeneration.
  2176 | D:2      | 2176 ||| READING scroll labelled XOTYGI IDGHALL.
  2177 | D:2      | 2177 ||| READING 2 scrolls labelled KISELO KAMEONO.
  2261 | D:2      | 2261 ||| READING scroll labelled YKLASA YMUCE.
  2262 | D:2      | 2262 ||| READING scroll labelled NIRIBU ENUROXI.
  2263 | D:2      | 2263 ||| DRINKING 3 bubbling orange potions.
  2367 | D:2      | 2367 ||| DROPPING 2 potions of berserk rage.
  2466 | D:3      | 2466 ||| Stepping ~*~*~tactically~*~*~ (stealth).
  2467 | D:3      | 2467 ||| FLEEEEING.
  2473 | D:3      | 2473 ||| FLEEEEING.
  2474 | D:3      | 2474 ||| FLEEEEING.
  2475 | D:3      | 2475 ||| FLEEEEING.
  2476 | D:3      | 2476 ||| FLEEEEING.
  2477 | D:3      | 2477 ||| FLEEEEING.
  2478 | D:3      | 2478 ||| FLEEEEING.
  2479 | D:3      | 2479 ||| FLEEEEING.
  2505 | D:3      | 2505 ||| Stepping ~*~*~tactically~*~*~ (stealth).
  2532 | D:3      | Found an ornate altar of the Wu Jian Council.
  2622 | D:3      | Found an opulent altar of Gozag.
  2696 | D:3      | Reached skill level 5 in Axes
  2753 | D:3      | 2753 ||| DROPPING +0 club.
  2763 | D:3      | 2763 ||| Stepping ~*~*~tactically~*~*~ (hiding).
  2833 | D:3      | 2833 ||| Stepping ~*~*~tactically~*~*~ (stealth).
  2834 | D:3      | 2834 ||| Stepping ~*~*~tactically~*~*~ (stealth).
  2963 | D:3      | Found Warreurch's Book Emporium.
  3155 | D:3      | Found a hazy altar of Hepliaklqana.
  3279 | D:3      | 3279 ||| UPGRADING to +0 scale mail.
  3289 | D:3      | 3289 ||| DROPPING +0 ring mail.
  3290 | D:3      | 3290 ||| UPGRADING to ring of see invisible.
  3291 | D:3      | 3291 ||| READING 3 scrolls labelled DUPLEMU GEAF.
  3292 | D:3      | 3292 ||| READING 2 scrolls labelled PUOLLA QOOSAZETS.
  3393 | D:3      | 3393 ||| READING scroll labelled QEYCLYPH CYEFF.
  3394 | D:3      | 3394 ||| READING 2 scrolls of identify.
  3394 | D:3      | 3394 ||| IDENTIFYING fizzy brown potion
  3395 | D:3      | 3395 ||| DROPPING potion of attraction.
  3396 | D:3      | 3396 ||| DROPPING scroll of silence.
  3471 | D:4      | Slain by an iguana

Levels and vault maps discovered:
D:1:      onia_arrival_mini_spirals, layout_basic,
          chequers_ecumenical_altar_simple_redux
D:2:      layout_basic, uniq_crazy_yiuf_cottage
D:3:      layout_loops_ring, nzn_wu_jian_contemplation, grunt_gozag_breadcrumbs,
          mainiacjoe_overflow_alcove_4, serial_forest,
          infiniplex_forest_lined_3, infiniplex_forest_clump_small,
          infiniplex_forest_clump_tiny, infiniplex_forest_end_1,
          infiniplex_forest_clump_large, infiniplex_forest_lined_3,
          infiniplex_forest_clump_tiny, infiniplex_forest_clump_double,
          serial_shops, nicolae_shop_waterfront, grunt_decor_cap
D:4:      layout_layer_cave, kennysheep_dice, uniq_grinder

Skill      XL: |  1  2  3  4 |
---------------+-------------+-----
Axes           | 3 4 5 |  5.2
Fighting       | |  2.0
Throwing       | |  1.0
Armour         | |  1.1
Dodging        | |  2.1
Spellcasting   | |  2.0
Translocations | |  2.4

Action                   |  1- 3 |  4- 6 || total
-------------------------+-------+-------++-------
Melee: Hand axe          |    62 |    43 ||   105
       Kick              |    10 |     6 ||    16
       Punch             |     1 |     1 ||     2
       Peck              |     6 |    10 ||    16
Throw: Boomerang         |     7 |    19 ||    26
  Use: Scroll            |       |     8 ||     8
       Potion            |       |     1 ||     1
Armor: Leather armour    |     5 |       ||     5
       Ring mail         |     8 |     9 ||    17
Dodge: Dodged            |    30 |    21 ||    51

Table legend:
 A = Non-vault XP
 B = Vault XP
 C = Vault XP percentage of total XP
 D = Non-vault monster count
 E = Vault monster count
 F = Vault count percentage of total count
                 A         B        C        D         E       F
            +---------+---------+-------+---------+---------+-------
      Total |     143 |       0 |   0.0 |      40 |       0 |   0.0
            +---------+---------+-------+---------+---------+-------
        D:1 |      21 |       0 |   0.0 |      13 |       0 |   0.0
        D:2 |      71 |       0 |   0.0 |      12 |       0 |   0.0
        D:3 |      38 |       0 |   0.0 |      14 |       0 |   0.0
        D:4 |      13 |       0 |   0.0 |       1 |       0 |   0.0
            +---------+---------+-------+---------+---------+-------
